[Event "28th WSCC Women 65 2018"]
[Site "Bled"]
[Date "2018.11.25"]
[Round "7"]
[White "Kabanova, Irina"]
[Black "Norman, Dinah M"]
[Result "1/2-1/2"]
[ECO "B01"]
[WhiteElo "1856"]
[BlackElo "1659"]
[Annotator "NA"]
[PlyCount "29"]
[EventDate "2018.11.17"]
[EventType "swiss"]
[EventCountry "SLO"]
[SourceTitle "playchess.com"]
[Source "ChessBase"]
[SourceQuality "1"]
[TimeControl "40/5400+30:1800+30"]

1. e4 d5 2. exd5 Qxd5 3. d4 Nf6 4. Nf3 c6 5. Be2 Bf5 6. O-O e6 7. c4 Qd8 8. Bf4 Be7 9. Qb3 Qb6 10. Nc3 Nbd7 11. c5 Qxb3 12. axb3 O-O 13. Bc4 Nd5 14. Bxd5 exd5 15. Rfe1 1/2-1/2

[Event "28th WSCC Women 65 2018"]
[Site "Bled"]
[Date "2018.11.26"]
[Round "8"]
[White "Fatalibekova, Elena"]
[Black "Titorenko, Natalia I"]
[Result "1/2-1/2"]
[ECO "C42"]
[WhiteElo "2161"]
[BlackElo "2158"]
[Annotator "NA"]
[PlyCount "33"]
[EventDate "2018.11.17"]
[EventType "swiss"]
[EventCountry "SLO"]
[SourceTitle "playchess.com"]
[Source "ChessBase"]
[SourceQuality "1"]
[TimeControl "40/5400+30:1800+30"]

1. e4 e5 2. Nf3 Nf6 3. Nxe5 d6 4. Nf3 Nxe4 5. Nc3 Nxc3 6. dxc3 Be7 7. Bd3 O-O 8. O-O Bg4 9. h3 Bh5 10. Bf4 Nc6 11. Re1 Bf6 12. Re3 Re8 13. Qe2 Rxe3 14. Qxe3 Qe8 15. Re1 Qxe3 16. Rxe3 Kf8 17. g4 1/2-1/2

[Event "28th WSCC Women 65 2018"]
[Site "Bled"]
[Date "2018.11.26"]
[Round "8"]
[White "Sorokina, Tamara"]
[Black "Gaprindashvili, Nona"]
[Result "1/2-1/2"]
[ECO "D05"]
[WhiteElo "2058"]
[BlackElo "2301"]
[Annotator "NA"]
[PlyCount "73"]
[EventDate "2018.11.17"]
[EventType "swiss"]
[EventCountry "SLO"]
[SourceTitle "playchess.com"]
[Source "ChessBase"]
[SourceQuality "1"]
[TimeControl "40/5400+30:1800+30"]

1. d4 c5 2. e3 e6 3. Nf3 Nf6 4. Bd3 b6 5. Nbd2 Bb7 {LiveBook: 539 Games} 6. c3 d5 7. O-O Bd6 8. b3 {D05: Colle System with ...e6} (8. Qe2 O-O 9. e4 dxe4 10. Nxe4 Nxe4 11. Bxe4 Bxe4 12. Qxe4 Nd7 13. Bg5 Qc7 14. Rad1 Rae8 15. dxc5 Nxc5 {½-½ (30) Nouri,H (2363)-Swayams,M (2491) New Delhi 2017}) 8... Nbd7 9. Bb2 O-O 10. c4 Ne4 11. Qe2 Nxd2 12. Nxd2 cxd4 13. exd4 Qf6 $146 ({Predecessor:} 13... Qg5) 14. cxd5 Qh6 15. Nf3 Bxd5 16. Be4 Nf6 17. Bxd5 Nxd5 18. g3 Qh5 19. Rfe1 Rac8 20. Rac1 Bb4 21. Red1 Rfd8 22. Qd3 Be7 23. a3 Bf6 24. Qe4 Qg6 25. Qxg6 $11 hxg6 26. Rxc8 Rxc8 27. Rc1 Rxc1+ 28. Bxc1 a5 29. a4 Be7 30. Bb2 f6 31. Kf1 Kf7 32. Ke2 Ke8 33. Kd3 Kd7 34. Kc4 Kc6 35. Ne1 g5 36. Nc2 Bd6 37. Ne3 1/2-1/2

[Event "28th WSCC Women 65 2018"]
[Site "Bled"]
[Date "2018.11.26"]
[Round "8"]
[White "Serjmyadag, Damdin"]
[Black "Dotan, Valeria"]
[Result "1-0"]
[ECO "B38"]
[WhiteElo "1864"]
[BlackElo "1883"]
[Annotator "NA"]
[PlyCount "63"]
[EventDate "2018.11.17"]
[EventType "swiss"]
[EventCountry "SLO"]
[SourceTitle "playchess.com"]
[Source "ChessBase"]
[SourceQuality "1"]
[TimeControl "40/5400+30:1800+30"]

1. e4 c5 2. c4 Nc6 3. Nf3 d6 4. Nc3 g6 5. d4 cxd4 6. Nxd4 Bg7 7. Be3 Nf6 8. f3 Bd7 9. Qd2 Nxd4 10. Bxd4 Bc6 11. Be2 O-O 12. O-O Re8 13. Rad1 b6 14. Nd5 $14 Nxd5 15. exd5 Ba4 16. b3 Bd7 17. Bxg7 Kxg7 18. Bd3 Qc8 19. Rfe1 Qc5+ 20. Kh1 Qc8 21. Re3 Rb8 22. Rde1 Qd8 23. f4 e6 24. dxe6 fxe6 25. Be4 Qc7 26. Rd3 d5 27. cxd5 Rbd8 28. d6 Qb8 29. h4 Bb5 30. Qc3+ Kh6 31. Rh3 Rf8 32. h5 1-0

[Event "28th WSCC Women 65 2018"]
[Site "Bled"]
[Date "2018.11.26"]
[Round "8"]
[White "Milashevskaja, Valentina"]
[Black "Khmiadashvili, Tamar"]
[Result "0-1"]
[ECO "D60"]
[WhiteElo "1731"]
[BlackElo "2010"]
[Annotator "NA"]
[PlyCount "65"]
[EventDate "2018.11.17"]
[EventType "swiss"]
[EventCountry "SLO"]
[SourceTitle "playchess.com"]
[Source "ChessBase"]
[SourceQuality "1"]
[TimeControl "40/5400+30:1800+30"]

1. d4 d5 2. c4 e6 3. Nc3 Nf6 4. Bg5 Be7 5. e3 c6 6. Nf3 Nbd7 7. Be2 O-O 8. O-O dxc4 9. Bxc4 Nd5 10. Bxe7 Qxe7 11. e4 Nxc3 12. bxc3 e5 13. Qe2 g5 14. h3 Kg7 15. Bd3 f6 16. a4 Rd8 $16 17. Rfe1 Nf8 18. Red1 Ng6 19. dxe5 fxe5 20. Qe3 g4 21. Nh2 gxh3 22. gxh3 Nf4 23. Bf1 Be6 24. Ng4 Qg5 25. Qg3 Kh8 26. Kh2 Rg8 27. Rd6 Qe7 28. Rxe6 Qxe6 29. Qe3 h5 30. Bc4 Qxc4 31. Nxe5 Qe6 32. Qxf4 Raf8 33. Qe3 0-1

[Event "28th WSCC Women 65 2018"]
[Site "Bled"]
[Date "2018.11.27"]
[Round "9"]
[White "Gaprindashvili, Nona"]
[Black "Serjmyadag, Damdin"]
[Result "1-0"]
[ECO "E73"]
[WhiteElo "2301"]
[BlackElo "1864"]
[Annotator "ChessBase"]
[PlyCount "61"]
[EventDate "2018.11.17"]
[EventType "swiss"]
[EventCountry "SLO"]
[SourceTitle "playchess.com"]
[Source "ChessBase"]
[SourceQuality "1"]
[TimeControl "40/5400+30:1800+30"]

1. d4 Nf6 2. c4 g6 3. Nc3 Bg7 4. e4 d6 5. Be2 O-O 6. Bg5 Nbd7 7. Qd2 c5 8. d5 a6 9. f3 Re8 10. Nh3 Nf8 11. Nf2 Qc7 12. O-O Bd7 13. a4 Kh8 14. Bh6 Ng8 15. Bxg7+ Kxg7 16. f4 f5 17. g4 fxg4 18. Nxg4 Qc8 19. f5 Kh8 20. Qg5 Qd8 21. Nh6 Kg7 22. Nxg8 Kxg8 23. Qh6 Qb6 24. Nd1 Rec8 25. Ra3 Be8 26. Rg3 Bf7 27. Bh5 Qb4 28. fxg6 Nxg6 29. Rxf7 Kxf7 30. Bxg6+ hxg6 31. Qxg6+ 1-0

[Event "28th WSCC Women 65 2018"]
[Site "Bled"]
[Date "2018.11.27"]
[Round "9"]
[White "Titorenko, Natalia I"]
[Black "Sorokina, Tamara"]
[Result "1-0"]
[ECO "B43"]
[WhiteElo "2158"]
[BlackElo "2058"]
[Annotator "NA"]
[PlyCount "97"]
[EventDate "2018.11.17"]
[EventType "swiss"]
[EventCountry "SLO"]
[SourceTitle "playchess.com"]
[Source "ChessBase"]
[SourceQuality "1"]
[TimeControl "40/5400+30:1800+30"]

1. e4 c5 2. Nf3 e6 3. d4 cxd4 4. Nxd4 a6 5. Nc3 Qc7 6. Nb3 {[%emt 0:06:12] B43: Sicilian: Kan Variation: 5 Nc3} (6. g3 Nf6 7. Bg2 Bb4 8. O-O Bxc3 9. bxc3 d6 10. Ba3 O-O 11. e5 dxe5 12. Bxf8 Kxf8 13. Nb3 Bd7 14. Na5 Ra7 15. Nxb7 Ke7 16. Rb1 Bb5 17. Re1 Nbd7 18. Qc1 Nd5 19. Qa3+ Kf6 20. Bxd5 exd5 21. Rxb5 {1-0 (21) Aronian,L (2764)-Caruana,F (2816) Leuven 2018}) 6... b5 7. Be3 Bb7 8. f3 Nf6 9. Qd2 d5 $146 ({Predecessor:} 9... Nc6 10. O-O-O Ne5 11. Kb1 Rc8 12. Qd4 b4 13. Na4 Qxc2+ 14. Ka1 Nc6 15. Qd3 Qxd3 16. Bxd3 {½-½ (57) Moehn,H (1574)-Lubbe,M (2081) Leutersdorf 2006}) 10. exd5 Nxd5 11. Nxd5 Bxd5 12. Bf4 Qd7 13. Bd3 Be7 14. O-O-O O-O 15. Be4 Rd8 16. Bxd5 exd5 17. Bg5 f6 18. Be3 Nc6 19. Bb6 Rdb8 20. Bc5 Rd8 21. Rhe1 a5 22. Bxe7 Nxe7 23. Qe3 Nf5 24. Qe6+ Qxe6 25. Rxe6 a4 26. Nd4 Nxd4 27. Rxd4 Rac8 28. Rb6 Rb8 29. Rxb8 Rxb8 30. Rxd5 Kf7 31. Rd7+ Kg6 32. Kd2 h5 33. Rd4 Kf7 34. Rd7+ Kg6 35. Rd4 Kf7 36. c4 Ke6 37. cxb5 Rxb5 38. Kc3 Ra5 39. Kb4 Ra7 40. Ka3 Rc7 41. Re4+ Kf5 $18 (41... Kd5 $16 {was worth a try.}) 42. Rxa4 Rc2 43. b4 Rxg2 44. b5 Ke6 45. Rd4 Rc2 46. b6 Rc8 47. Kb4 Rb8 48. Kb5 g5 49. a4 1-0

[Event "28th WSCC Women 65 2018"]
[Site "Bled"]
[Date "2018.11.27"]
[Round "9"]
[White "Dotan, Valeria"]
[Black "Fatalibekova, Elena"]
[Result "1/2-1/2"]
[ECO "A46"]
[WhiteElo "1883"]
[BlackElo "2161"]
[Annotator "NA"]
[PlyCount "41"]
[EventDate "2018.11.17"]
[EventType "swiss"]
[EventCountry "SLO"]
[SourceTitle "playchess.com"]
[Source "ChessBase"]
[SourceQuality "1"]
[TimeControl "40/5400+30:1800+30"]

1. d4 Nf6 2. Nf3 e6 3. Bg5 Be7 4. e3 b6 5. Nbd2 Bb7 6. Bd3 O-O 7. h3 c5 8. c3 d6 9. O-O Nbd7 10. Qe2 e5 11. dxe5 dxe5 12. Bxf6 Bxf6 13. Be4 Qc7 14. Rfd1 g6 15. a4 Bc6 16. Bxc6 Qxc6 17. Qc4 Be7 18. Qb5 Qe6 19. Qc4 Qc6 20. Qb5 Qe6 21. Qc4 1/2-1/2

[Event "28th WSCC Women 65 2018"]
[Site "Bled"]
[Date "2018.11.27"]
[Round "9"]
[White "Norman, Dinah M"]
[Black "Tsifanskaya, Ludmila A"]
[Result "0-1"]
[ECO "D26"]
[WhiteElo "1659"]
[BlackElo "1996"]
[Annotator "NA"]
[PlyCount "82"]
[EventDate "2018.11.17"]
[EventType "swiss"]
[EventCountry "SLO"]
[SourceTitle "playchess.com"]
[Source "ChessBase"]
[SourceQuality "1"]
[TimeControl "40/5400+30:1800+30"]

1. d4 Nf6 2. Nf3 d5 3. e3 e6 4. c4 dxc4 5. Bxc4 a6 6. Nc3 c5 7. dxc5 Qxd1+ 8. Kxd1 Bxc5 9. a3 b5 {[%emt 0:01:16] D26: Queen's Gambit Accepted: 4 e3 e6 5 Bxc5 c5 sidelines} 10. Be2 (10. Bd3 Bb7 11. Ke2 Nbd7 12. b4 Bd6 13. Bb2 Ke7 14. Rac1 Rac8 15. Nb1 g5 16. h3 h5 17. Rxc8 Rxc8 18. Nxg5 Bxg2 {½-½ (40) Vernersson,P (2290)-Hillarp Persson,T (2543) Vaxjo 2018}) 10... Bb7 11. b4 Be7 12. Bb2 O-O 13. Ke1 Nbd7 $146 ({Predecessor:} 13... Rd8 14. Bd1 Nbd7 15. Rg1 Rac8 16. Rc1 Nb6 17. Nd2 {0-1 (39) Hosch,W-Comp XBP Chicago 1994}) 14. Rd1 Nb6 15. Rg1 Rfd8 16. Rxd8+ Rxd8 17. Nd4 Nfd5 18. Nxd5 Bxd5 19. f4 Bf6 20. Kf2 Rc8 21. Rc1 Rxc1 22. Bxc1 e5 23. Nf3 exf4 24. exf4 Bc3 25. g3 f6 26. Bd3 Nc4 27. Be2 Kf7 28. h4 Be6 29. Bd3 g6 30. Be2 Ke7 31. Bd3 Kd6 32. Be2 Kd5 33. Bd3 a5 34. bxa5 Bxa5 35. h5 Bb6+ 36. Ke2 gxh5 $17 37. Bxh7 Bg4 38. Bd3 Bc5 39. f5 Ne5 40. Bxb5 Nxf3 41. Kd3 Bxf5+ 0-1

[Event "28th WSCC Women 65 2018"]
[Site "Bled"]
[Date "2018.11.28"]
[Round "10"]
[White "Kozlovskaya, Valentina"]
[Black "Dotan, Valeria"]
[Result "1-0"]
[ECO "A26"]
[WhiteElo "2154"]
[BlackElo "1883"]
[Annotator "NA RC"]
[PlyCount "103"]
[EventDate "2018.11.17"]
[EventType "swiss"]
[EventCountry "SLO"]
[SourceTitle "playchess.com"]
[Source "ChessBase"]
[SourceQuality "1"]
[TimeControl "40/5400+30:1800+30"]

1. c4 e5 2. Nc3 Nc6 3. g3 d6 4. Bg2 g6 5. d3 Bg7 6. Nf3 {LiveBook: 371 Games} Nge7 7. O-O Nd4 {A26: English Opening vs King's Indian with ...Nc6 and d3} 8. Ne1 $146 ({Predecessor:} 8. Bg5 Ne6 9. Bxe7 Qxe7 10. Rb1 O-O 11. Nd2 h5 12. Nd5 Qd8 13. b4 c6 14. Ne3 {0-1 (49) Liu,C (2262)-Zhang,P (2591) Beijing 2012}) 8... a5 9. e3 Ne6 10. Bd2 O-O 11. Rb1 c6 12. Ne2 d5 13. b3 c5 14. Nc3 Nc7 15. Na4 Qd6 16. Qc2 (16. Rc1 $14) 16... b6 17. Nc3 Bb7 18. e4 d4 19. Nd5 Nexd5 20. exd5 b5 21. f4 f6 22. Nf3 b4 23. fxe5 fxe5 24. Ng5 Rab8 25. Ne4 Qb6 26. Bh3 Bc8 27. Rxf8+ Kxf8 28. Bxc8 Rxc8 29. Bg5 Kg8 30. Rf1 Ne8 31. Be7 Rc7 32. d6 Rxe7 33. dxe7 Qc7 34. Qe2 Qxe7 35. Qg4 Nd6 36. Nxd6 Qxd6 37. Qc8+ Bf8 38. Qe8 Qe7 39. Qxe7 Bxe7 40. Kg2 Kg7 41. Kf3 Kf6 42. Ke4+ Ke6 43. h4 h5 44. Rg1 Bf6 45. g4 Bxh4 46. gxh5 gxh5 47. Rh1 Bg3 48. Rxh5 Kd6 49. Rh6+ Kc7 50. Kd5 Kb7 51. Re6 $18 e4 52. Rxe4 1-0

[Event "28th WSCC Women 65 2018"]
[Site "Bled"]
[Date "2018.11.28"]
[Round "10"]
[White "Khmiadashvili, Tamar"]
[Black "Tsifanskaya, Ludmila A"]
[Result "1/2-1/2"]
[ECO "A03"]
[WhiteElo "2010"]
[BlackElo "1996"]
[Annotator "NA RC"]
[PlyCount "124"]
[EventDate "2018.11.17"]
[EventType "swiss"]
[EventCountry "SLO"]
[SourceTitle "playchess.com"]
[Source "ChessBase"]
[SourceQuality "1"]
[TimeControl "40/5400+30:1800+30"]

1. f4 c5 2. Nf3 Nc6 3. b3 d5 4. g3 Nf6 5. Bb2 e6 6. Bg2 Be7 7. O-O O-O {LiveBook: 5 Games} 8. e3 {A03: Bird's Opening with 1...d5} Rb8 $146 ({Predecessor:} 8... d4 9. Qe2 Nb4 10. Ne1 dxe3 11. dxe3 Qc7 12. Nc3 Bd7 13. a3 Nbd5 14. Nd1 b5 15. g4 c4 {0-1 (39) Marin,M (2543)-Jakovenko,D (2662) playchess.com INT 2006}) 9. Ne5 Nxe5 10. fxe5 Ne8 11. c4 b5 12. cxb5 Rxb5 13. Rf4 Rb8 14. Bf1 Bg5 15. Ra4 Bb7 16. h4 Be7 17. Rf4 d4 18. Bd3 Qd5 19. Be4 Qxe5 20. exd4 cxd4 21. Bxb7 Rxb7 22. Bxd4 Bc5 23. Bxc5 Qxc5+ 24. d4 Qd6 25. Nd2 Nf6 26. Nc4 Qe7 27. Qe2 Nd5 28. Rf3 Nf6 29. Rd1 Rd7 30. Rfd3 Qd8 31. Qf3 Qa8 32. Qxa8 Rxa8 33. Kg2 Nd5 34. Kf3 Rc8 35. g4 h6 36. g5 hxg5 37. hxg5 g6 38. Ne5 Rdc7 39. Nc4 Kg7 40. Rh1 Rh8 41. Rxh8 Kxh8 42. Ke4 Kg7 43. Ke5 Rd7 44. a3 Ne7 45. Ke4 Rd5 46. Ne5 Nf5 47. b4 Nd6+ 48. Kf4 f6 49. gxf6+ Kxf6 50. Ng4+ Ke7 51. Ne3 {[#]} (51. Ne5 $11 {keeps the balance.}) 51... e5+ $1 {Double Attack} 52. Kg5 Rxd4 53. Rb3 Ke6 54. Kxg6 Nc4 55. Nxc4 Rxc4 56. a4 Rg4+ 57. Kh5 Rg7 $2 (57... Rg8 $19 {has better winning chances.} 58. Kh4 e4) 58. b5 e4 59. a5 Kd5 $11 (59... Kf5 $19 60. Kh6 Re7) 60. b6 axb6 61. axb6 Kc6 62. Rb4 Kd5 1/2-1/2

[Event "28th WSCC Women 65 2018"]
[Site "Bled"]
[Date "2018.11.28"]
[Round "10"]
[White "Serjmyadag, Damdin"]
[Black "Titorenko, Natalia I"]
[Result "0-1"]
[ECO "B50"]
[WhiteElo "1864"]
[BlackElo "2158"]
[Annotator "NA"]
[PlyCount "46"]
[EventDate "2018.11.17"]
[EventType "swiss"]
[EventCountry "SLO"]
[SourceTitle "playchess.com"]
[Source "ChessBase"]
[SourceQuality "1"]
[TimeControl "40/5400+30:1800+30"]

1. e4 c5 2. Nf3 Nf6 3. d3 d6 4. Nc3 g6 5. Be3 {B50: Sicilian: 2...d6, Miscellaneous} (5. Be2 Bg7 6. O-O Nc6 7. Bd2 O-O 8. Qc1 d5 9. exd5 Nxd5 10. Nxd5 Qxd5 11. Bh6 b6 12. Bxg7 Kxg7 13. Ne1 Bb7 {0-1 (52) Lima,J (1890)-Mecking,H (2602) Rio de Janeiro 2017}) 5... Bg7 6. Be2 Nc6 7. h3 O-O 8. Qd2 Re8 9. O-O-O $146 ({Predecessor:} 9. O-O $11 Rb8 10. a4 b6 11. Rab1 Bb7 12. Nh2 d5 13. exd5 Nxd5 14. Nxd5 Qxd5 15. Bf3 Qd7 16. Qe2 Nd4 17. Bxd4 cxd4 18. Bxb7 Rxb7 19. b3 {½-½ (19) Hossain,M (2101)-Hossain,M (2184) Dhaka 2014}) 9... Qa5 10. Kb1 b5 11. g4 (11. Nd5 $17 b4 12. Nxf6+ Bxf6 13. d4) 11... b4 12. Nd5 Be6 13. c4 bxc3 $1 14. Nxc3 Rab8 15. Rc1 Nd7 16. d4 cxd4 17. Nxd4 Nxd4 18. Bxd4 Bxa2+ 19. Kc2 Rxb2+ 20. Kxb2 Rb8+ 21. Kc2 Bb3+ 22. Kd3 Bxd4 23. Nd5 Ne5+ 0-1

[Event "28th WSCC Women 65 2018"]
[Site "Bled"]
[Date "2018.11.28"]
[Round "10"]
[White "Ristoja, Aulikki"]
[Black "Sorokina, Tamara"]
[Result "0-1"]
[ECO "A45"]
[WhiteElo "1505"]
[BlackElo "2058"]
[Annotator "NA RC"]
[PlyCount "104"]
[EventDate "2018.11.17"]
[EventType "swiss"]
[EventCountry "SLO"]
[SourceTitle "playchess.com"]
[Source "ChessBase"]
[SourceQuality "1"]
[TimeControl "40/5400+30:1800+30"]

1. d4 Nf6 2. Bf4 d6 3. e3 c5 4. dxc5 Qa5+ 5. c3 Qxc5 6. Nd2 Nc6 7. Nb3 Qb6 8. h3 g6 9. Nf3 Bg7 10. Be2 O-O 11. g4 (11. Bh2 $11 {keeps the balance.}) 11... a5 12. Qc2 a4 13. Nbd2 Be6 14. Ng5 Bd7 15. Nc4 Qc7 16. Bg3 (16. Na3 $17) 16... b5 17. Nd2 Rab8 18. O-O h6 19. Nge4 Nxe4 20. Nxe4 f5 21. Nd2 e5 22. Rad1 Be6 23. b3 axb3 24. axb3 Ne7 25. Rc1 Qd7 26. c4 bxc4 27. Nxc4 f4 28. Bh2 d5 29. Nd2 Rfc8 30. Qb1 g5 31. Rfd1 Rxc1 32. Rxc1 Qa7 33. exf4 gxf4 34. Kf1 Qb6 (34... Qa5 $19 35. Qd3 Ra8) 35. Bg1 (35. f3 $17 {might work better.}) 35... e4 36. Nxe4 dxe4 37. Qxe4 Nd5 38. Bc4 Rd8 39. f3 Qd6 40. Re1 Bf7 41. Qb1 $2 (41. Bf2 $17) 41... Ne3+ 42. Bxe3 Bxc4+ 43. bxc4 fxe3 44. Rxe3 Qh2 45. Qb3 Qxh3+ 46. Ke2 Qg2+ 47. Ke1 Qd2+ 48. Kf1 Qd4 49. Ke2 Qd2+ 50. Kf1 Ra8 51. Re1 Bd4 52. Re2 Ra1+ 0-1

[Event "28th WSCC Women 65 2018"]
[Site "Bled"]
[Date "2018.11.29"]
[Round "11"]
[White "Titorenko, Natalia I"]
[Black "Bujinlkham, Purevdorj"]
[Result "1-0"]
[ECO "B90"]
[WhiteElo "2158"]
[BlackElo "1848"]
[Annotator "NA RC"]
[PlyCount "95"]
[EventDate "2018.11.17"]
[EventType "swiss"]
[EventCountry "SLO"]
[SourceTitle "playchess.com"]
[Source "ChessBase"]
[SourceQuality "1"]
[TimeControl "40/5400+30:1800+30"]

1. e4 c5 2. Nf3 d6 3. d4 cxd4 4. Nxd4 Nf6 5. Nc3 a6 6. Nb3 b5 {B90: Sicilian Najdorf: Unusual White 6th moves, 6 Be3 Ng4 and 6 Be3 e5} (6... e5 7. Bg5 Be6 8. f4 exf4 9. Qd2 Be7 10. O-O-O Bxb3 11. cxb3 Nc6 12. Bxf4 O-O 13. Bxd6 Bxd6 14. Qxd6 Qa5 15. Be2 {½-½ (76) Kryvoruchko,Y (2695)-Abdusattorov,N (2558) Batumi 2018}) 7. Be3 Nbd7 8. f3 Bb7 9. a4 $146 ({Predecessor:} 9. Qd2 e6 10. O-O-O Qc7 11. Bf4 e5 12. Be3 Nb6 13. Bxb6 Qxb6 14. Kb1 b4 15. Na4 {½-½ (46) Radzivonas,A-Jansonas,G (1570) Panevezys 2011}) 9... b4 10. Na2 a5 $2 (10... d5 $17 11. e5 (11. Nxb4 e6 $15) 11... Nxe5) 11. c3 bxc3 12. Nxc3 g6 13. Bb5 Bg7 14. e5 dxe5 15. Nc5 Bc8 16. Qd2 O-O 17. Rd1 Ra7 (17... Rb8 $142 18. Bxd7 Bxd7) 18. Ne6 (18. N3e4 $142) 18... fxe6 19. Bxa7 Qc7 20. Bf2 Nb6 21. O-O Nbd5 22. Ne4 Ne8 23. Rc1 Qd8 24. Bc6 Nef6 25. Rc5 Nxe4 26. fxe4 Nb4 27. Rd1 Qb6 (27... Qxd2 $142 28. Rxd2 Nxc6) 28. Bb5 Qb7 29. Rdc1 h5 30. Rc7 Qa8 31. Qg5 Kh7 32. Qxe7 (32. Rxe7 $142 Qxe4 33. Rcc7 Rg8 34. Qf6 Bd7 35. Rexd7 Kh6 36. Rxg7 Rxg7 37. Qxg7+ Kg5 38. h4+ {[%mdl 64] Overworked Piece} Qxh4 39. Qxe5+ {[%mdl 64] Double Attack} Kh6 40. Bxh4 Nd5 41. Qh8#) 32... Rg8 33. Re1 (33. Be3 $142 Qxe4 34. Qg5 Qxe3+ 35. Qxe3) 33... Ba6 34. Ra7 Qc8 35. Bxa6 Nxa6 36. b3 Nb4 37. Qc7 Qxc7 38. Rxc7 Nd3 39. Rd1 Nxf2 40. Kxf2 Kh6 41. Ra7 Rb8 42. Rd3 Rb4 43. Rxa5 Rxe4 44. Rb5 $18 Bf8 45. a5 Ba3 46. a6 Rf4+ 47. Ke2 Rf8 48. a7 1-0

[Event "28th WSCC Women 65 2018"]
[Site "Bled"]
[Date "2018.11.29"]
[Round "11"]
[White "Sorokina, Tamara"]
[Black "Khmiadashvili, Tamar"]
[Result "1-0"]
[ECO "D02"]
[WhiteElo "2058"]
[BlackElo "2010"]
[Annotator "NA RC"]
[PlyCount "82"]
[EventDate "2018.11.17"]
[EventType "swiss"]
[EventCountry "SLO"]
[SourceTitle "playchess.com"]
[Source "ChessBase"]
[SourceQuality "1"]
[TimeControl "40/5400+30:1800+30"]

1. d4 c6 2. Nf3 d5 3. e3 Bg4 4. Be2 Nd7 5. Nbd2 {D02: 1 d4 d5 2 Nf3 sidelines, including 2...Nf6 3 g3 and 2...Nf6 3 Bf4} (5. b3 e6 6. Bb2 Bd6 7. Nbd2 f5 8. Ne5 Bxe2 9. Qxe2 Ngf6 10. f4 O-O 11. O-O Qe7 12. a4 Kh8 {1-0 (80) Laxman,R (2395)-Megaranto,S (2569) Singapore 2007}) 5... e6 6. O-O Bd6 7. c4 Ne7 8. e4 dxe4 $146 ({Predecessor:} 8... O-O 9. h3 Bh5 10. cxd5 cxd5 11. e5 Bc7 {0-1 (49) Guerra,J (1880)-Morais,V (1995) Lisbon 2013}) 9. Nxe4 Bc7 10. b3 O-O 11. Bb2 Ng6 12. Bc1 Re8 (12... Bxf3 $5 13. Bxf3 f5 $11) 13. h3 Bxf3 14. Bxf3 f5 15. Bg5 Qb8 16. Nc3 Bf4 17. Bxf4 Nxf4 18. Qd2 Qd6 19. Rad1 Rad8 20. g3 Ng6 $1 21. Bg2 f4 22. Ne4 Qf8 23. Qc3 e5 24. d5 cxd5 25. Rxd5 b6 26. Nd6 Re7 {[#]} 27. Rfd1 $1 Nf6 28. Nf5 Nxd5 29. Bxd5+ Kh8 30. Nxe7 Qxe7 31. Re1 fxg3 32. fxg3 Qc5+ 33. Qe3 Qd6 34. h4 Re8 35. Qe4 Nf8 $16 36. Rf1 Nd7 37. Bc6 Nc5 38. Qd5 Qxd5 39. cxd5 Rd8 40. Re1 Nd3 41. Re3 Nb4 1-0

[Event "28th WSCC Women 65 2018"]
[Site "Bled"]
[Date "2018.11.29"]
[Round "11"]
[White "Tsifanskaya, Ludmila A"]
[Black "Serjmyadag, Damdin"]
[Result "1-0"]
[ECO "C01"]
[WhiteElo "1996"]
[BlackElo "1864"]
[Annotator "NA RC"]
[PlyCount "151"]
[EventDate "2018.11.17"]
[EventType "swiss"]
[EventCountry "SLO"]
[SourceTitle "playchess.com"]
[Source "ChessBase"]
[SourceQuality "1"]
[TimeControl "40/5400+30:1800+30"]

1. e4 e6 2. d4 d5 3. Bd3 Nf6 4. e5 Nfd7 5. f4 {C01: French: Exchange Variation} (5. c3 c5 6. Nf3 Nc6 7. O-O Qb6 8. Bc2 Be7 9. a3 a5 10. Re1 f6 11. exf6 Nxf6 12. Qd3 Bd7 13. Nbd2 cxd4 14. cxd4 O-O 15. b3 Rac8 {1-0 (57) Onischuk,V (2623)-Krishna,C (2380) Bastia 2017}) 5... c5 6. c3 Nc6 7. Nf3 Be7 8. O-O Qb6 9. Kh1 cxd4 10. cxd4 f5 $146 ({Predecessor:} 10... Nxd4 $11 {keeps the balance.} 11. Be3 (11. Nxd4 Qxd4 12. Nc3 a6 {1-0 (28) Valiente,C (2263)-Penayo,N (1895) Asuncion 2011}) 11... Bc5) 11. Nc3 O-O 12. b3 Re8 13. Be3 Nf8 14. Rg1 Qd8 15. g4 Ba3 (15... Bd7 $16) 16. Nb5 Be7 17. gxf5 exf5 18. Nc3 Nb4 19. Be2 Be6 20. a3 Nc6 21. Ng5 Bxg5 22. Rxg5 a6 23. Na4 Bc8 24. Rc1 Ne6 25. Rg3 ({But not} 25. Rxf5 $6 Nexd4 26. Rg5 Nxe2 $11) 25... Ne7 26. Nc5 Kf7 (26... Nxc5 $16 {was called for.} 27. Rxc5 Be6) 27. b4 b6 28. Nxe6 Bxe6 29. Qf1 b5 30. Qh3 Rh8 31. Rcg1 g6 32. Bf2 Rc8 33. Re3 h5 (33... Rc4 {was worth a try.}) 34. Bh4 Rg8 35. Bf6 Qd7 $2 (35... Qb6 {was necessary.}) 36. Reg3 Ke8 37. Bxh5 Bf7 38. Bd1 (38. Bxe7 $142 Qxe7 39. Bxg6 Bxg6 40. Rxg6 Rxg6 41. Rxg6) 38... Rc1 39. Rc3 Rxc3 40. Qxc3 Qc6 41. Rg3 Qc8 42. Bb3 Kd7 43. Bxe7 Kxe7 44. Qe1 Be6 45. Rc3 Qd8 46. Rc6 g5 47. fxg5 Rxg5 48. Qh4 Qg8 49. Rc1 Kd7 50. Qf2 f4 51. Qc2 f3 52. Qc6+ Kd8 53. Qb6+ Ke8 54. Qb8+ Ke7 55. Qd6+ Ke8 56. Bxd5 f2 57. Qb8+ Kf7 58. Bxe6+ Kxe6 59. Qxg8+ Rxg8 60. Rf1 Rf8 61. Kg2 Rf4 62. Rxf2 Rxd4 63. Rf6+ Kxe5 64. Rxa6 Kd5 65. Kg3 Kc4 66. Rf6 Rd3+ 67. Rf3 Rxf3+ 68. Kxf3 Kb3 69. h4 Kxa3 70. h5 Kxb4 71. h6 Ka3 72. h7 b4 73. h8=Q b3 74. Qa1+ Kb4 75. Qb2 Kc4 76. Ke4 {Kd5} 1-0

[Event "28th WSCC Women 65 2018"]
[Site "Bled"]
[Date "2018.11.29"]
[Round "11"]
[White "Kabanova, Irina"]
[Black "Kozlovskaya, Valentina"]
[Result "0-1"]
[ECO "B22"]
[WhiteElo "1856"]
[BlackElo "2154"]
[Annotator "RC"]
[PlyCount "94"]
[EventDate "2018.11.17"]
[EventType "swiss"]
[EventCountry "SLO"]
[SourceTitle "playchess.com"]
[Source "ChessBase"]
[SourceQuality "1"]
[TimeControl "40/5400+30:1800+30"]

1. e4 c5 2. Nf3 a6 3. c3 d5 4. exd5 Qxd5 5. d4 e6 6. Be2 cxd4 7. cxd4 Nf6 8. Nc3 Qd8 9. O-O Be7 10. h3 O-O 11. Be3 Nc6 12. Qd2 Nb4 13. Ne5 Nbd5 14. Bf3 Nxe3 15. fxe3 Bd6 16. Ng4 Ne8 17. Rad1 Ra7 18. a3 b5 19. Qe2 Qb6 20. Kh1 Bb8 21. Ne5 Rc7 22. Nd3 f6 23. g4 Nd6 24. Qg2 Nc4 25. Qe2 Nxa3 26. Nc5 Nc4 27. b3 Ne5 28. Be4 Ng6 29. b4 Re7 30. Qf2 Qd6 31. Rc1 f5 32. gxf5 exf5 33. Bd5+ Kh8 34. Rg1 Rxe3 35. Rg2 Rxc3 36. Rxc3 Qxd5 37. Kg1 f4 38. h4 Qf5 39. Rf3 Qb1+ 40. Kh2 Qxb4 41. h5 Ne7 42. Nd3 Qd6 43. Ne5 Qh6 44. Qh4 Bxe5 45. Qxe7 Qxh5+ 46. Kg1 Bxd4+ 47. Rff2 Qf7 0-1